 Dungeon Crawl Stone Soup version 0.28.0-1-gb440e238dd (webtiles) character file.

Game seed: 4839390146862590416

29 cbfl8 the Chopper (level 3, -1/46 (49) HPs)
             Began as a Minotaur Berserker on Feb 19, 2022.
             Was a Believer of Trog.
             Slain by Terence (2 damage)
             ... on level 2 of the Dungeon.
             The game lasted 00:02:26 (1176 turns).

cbfl8 the Chopper (Minotaur Berserker)              Turns: 1176, Time: 00:02:27

HP:   -1/46 (49)    AC:  2    Str: 23    XL:     3   Next: 1%
MP:   2/2           EV: 12    Int:  4    God:    Trog [**....]
Gold: 49            SH:  0    Dex:  9    Spells: 2/2 levels left

rFire   . . .      SeeInvis .   a - +0 hand axe
rCold   . . .      Faith    .   (no shield)
rNeg    . . .      Spirit   .   b - +0 animal skin
rPois   .          Reflect  .   (helmet restricted)
rElec   .          Harm     .   (no cloak)
rCorr   .          Rampage  .   (no gloves)
Will    .....                   (no boots)
Stlth   ..........              (no amulet)
HPRegen 0.15/turn               (no ring)
MPRegen 0.08/turn               (no ring)

@: berserking, lethally poisoned (-1 -> -4), drained, very quick
A: horns 2, retaliatory headbutt
a: Renounce Religion, Berserk, Trog's Hand


You were on level 2 of the Dungeon.
You worshipped Trog.
Trog was pleased with you.
You visited 1 branch of the dungeon, and saw 2 of its levels.

You collected 49 gold pieces.

Inventory:

Hand Weapons
 a - a +0 hand axe (weapon)
Armour
 b - a +0 animal skin (worn)
Jewellery
 d - a ring of resist corrosion
Scrolls
 c - a scroll of teleportation {unknown}
 e - 2 scrolls of fog {unknown}
 g - a scroll of blinking {unknown}
Potions
 f - a potion of degeneration {unknown}


   Skills:
 + Level 4.0 Fighting
 + Level 4.2 Axes
 + Level 2.7 Armour
 + Level 2.6 Dodging


You had 2 spell levels left.
You didn't know any spells.
Your spell library contained the following spells:

 Spells                   Type           Power      Damage    Failure   Level
 Airstrike                Air            0%         N/A       99%         4
 Summon Lightning Spire   Summ/Air       0%         N/A       99%         4
 Lightning Bolt           Conj/Air       0%         1d11      100%        5
 Chain Lightning          Conj/Air       0%         N/A       100%        9
 Fire Storm               Conj/Fire      0%         5d1       100%        9
 Shatter                  Erth           0%         3d5*      100%        9


Dungeon Overview and Level Annotations

Branches:
Dungeon (2/15)

Altars:

Annotations:
D:2 Terence


Innate Abilities, Weirdness & Mutations

You have a pair of horns on your head.
You reflexively headbutt those who attack you in melee.


Message History

You closely miss the kobold. You headbutt the kobold.
The kobold is heavily wounded.
You hit the adder but do no damage.
You feel sick.
You are no longer poisoned.
The adder bites you. The kobold misses you. The adder barely misses you.
You hit the kobold but do no damage.
The kobold is heavily wounded.
You hit the adder. You hit Terence but do no damage. The adder bites you.
You are poisoned.
The adder poisons you!
Terence hits you with the +7 Throatcutter {drain, coup de grace}!
* * * LOW HITPOINT WARNING * * *
You feel drained. The kobold hits you with a +0 dagger.
* * * LOW HITPOINT WARNING * * *
The quokka closely misses you.
A red film seems to cover your vision as you go berserk!
You feel yourself moving faster!
You feel mighty!
You can no longer call upon Trog for regeneration and willpower.
* * * LOW HITPOINT WARNING * * *
You feel sick. The adder completely misses you. The quokka closely misses you.
Terence misses you. The kobold closely misses you. You furiously retaliate!
You headbutt the kobold!
You kill the kobold!
Trog accepts your kill.
You have reached level 3!
Your experience leads to an increase in your attributes!
Increase (S)trength, (I)ntelligence, or (D)exterity?
You feel stronger. x2
You closely miss the adder.
The adder is moderately wounded.
You hit the adder. You barely miss the quokka. You barely miss Terence.
The adder barely misses you. You furiously retaliate!
You headbutt the adder!
You kill the adder!
Trog accepts your kill.
You can now call upon Trog for regeneration and willpower.
The adder barely misses you. The quokka misses you.
Terence hits you with the +7 Throatcutter {drain, coup de grace}.
* * * LOW HITPOINT WARNING * * *
You feel drained.
You die...

# . ####### ##### #.....
.$..## #..##########
#.... ..<........(#
#.#.######
.##########.###@#r......
....)..........†@)......
.##.#######.###..S..####
....# #.# #####.# #.###
#.# # ... ..# ##.# #.#
.. #.# #.# #.#


You could see Terence, an adder and a quokka.

Vanquished Creatures
  An adder (D:2)
  2 dart slugs (D:1)
  4 bats (D:1)
  3 endoplasms (D:1)
  A giant cockroach (D:1)
  A goblin (D:2)
  3 hobgoblins (D:1)
  3 kobolds
  2 ball pythons (D:1)
  6 rats (D:1)
26 creatures vanquished.

Notes
Turn   | Place    | Note
-------+----------+-------------------------------------------
     0 | D:1      | cbfl8 the Minotaur Berserker began the quest for the Orb.
     0 | D:1      | Reached XP level 1. HP: 19/19 MP: 0/0
   226 | D:1      | Reached XP level 2. HP: 9/27 MP: 1/1
   901 | D:1      | Reached ** piety under Trog
  1168 | D:2      | Noticed Terence
  1176 | D:2      | Reached XP level 3. HP: 6/32 MP: 2/2
  1176 | D:2      | HP: 1/48 [Terence (5)]
  1176 | D:2      | Slain by Terence

Illustrated notes

Levels and vault maps discovered:
D:1:      dpeg_arrival_castle, layout_loops_ring, minmay_bisected
D:2:      layout_basic, uniq_terence

Skill      XL: |  1  2 |
---------------+-------+-----
Axes           | 4 |  4.2
Fighting       | 4 |  4.0
Armour         | |  2.7
Dodging        | |  2.6

Action                   || total
-------------------------++-------
Melee: Hand axe          ||    45
       Headbutt          ||     8
       Punch             ||     2
Invok: Berserk           ||     1
Armor: Animal skin       ||     5
Dodge: Dodged            ||    49
